 Dungeon Crawl Stone Soup version 0.26-a0-651-gb41185065b (webtiles) character file.

Game seed: 8552166547176173297

10465 Irenicus the Geomancer (level 11, -12/86 HPs)
             Began as a Deep Dwarf Earth Elementalist on Oct 10, 2020.
             Was a Priest of Makhleb.
             Mangled by a death yak (18 damage)
             ... on level 9 of the Dungeon.
             The game lasted 00:53:13 (6331 turns).

Irenicus the Geomancer (DDEE)                       Turns: 6331, Time: 00:53:14

Health: -12/86     AC: 10    Str: 11    XL:     11   Next: 36%
Magic:  18/26      EV: 12    Int: 20    God:    Makhleb [***...]
Gold:   533        SH:  5    Dex: 13    Spells: 17/32 levels left

rFire    . . .     SeeInvis .   B - staff of conjuration {!a}
rCold    . . .     Faith    .   (no shield)
rNeg     + . .     Spirit   .   f - +0 ring mail
rPois    +         Reflect  +   F - +0 helmet
rElec    .         Harm     .   s - +0 cloak
rCorr    .         Rampage  .   k - +0 pair of gloves
MR       +....                  u - +0 pair of boots
Stlth    +.........             H - amulet of reflection
HPRegen  0.00/turn              D - ring of positive energy {rN+}
MPRegen  0.20/turn              x - ring of poison resistance {rPois, !d}

@: non-regenerating
A: damage resistance, heal wounds, sense surroundings 2, no regeneration
a: Heal Wounds, Minor Destruction, Lesser Servant of Makhleb, Renounce Religion


You were on level 9 of the Dungeon.
You worshipped Makhleb.
Makhleb was most pleased with you.
You visited 2 branches of the dungeon, and saw 12 of its levels.

You collected 533 gold pieces.

Inventory:

Hand Weapons
 I - a +1 dagger of electrocution
   (You took it off an orc wizard on level 10 of the Dungeon)
Missiles
 e - 70 stones (quivered)
Armour
 f - a +0 ring mail (worn)
   (You found it on level 1 of the Dungeon)
 k - a +0 pair of gloves (worn)
   (You found it on level 2 of the Dungeon)
 s - a +0 cloak (worn)
   (You took it off Crazy Yiuf on level 3 of the Dungeon)
 u - a +0 pair of boots (worn)
   (You found it on level 4 of the Dungeon)
 F - a +0 helmet (worn)
   (You found it on level 9 of the Dungeon)
 G - a scarf of invisibility
   (You found it on level 9 of the Dungeon)
Magical Staves
 B - an uncursed staff of conjuration (weapon) {!a}
   (You found it on level 7 of the Dungeon)
Jewellery
 m - an uncursed ring of stealth {Stlth+}
   (You found it on level 2 of the Dungeon)
 x - a ring of poison resistance (right hand) {rPois, !d}
   (You found it on level 6 of the Dungeon)
 y - an uncursed ring of fire {rF+, rC-}
   (You found it on level 10 of the Dungeon)
 D - a ring of positive energy (left hand) {rN+}
   (You found it on level 9 of the Dungeon)
 H - an amulet of reflection (around neck)
   (You found it on level 9 of the Dungeon)
 J - the amulet of the Air {Inacc +Fly rElec EV+5 RMsl}
   (You found it on level 11 of the Dungeon)

   [amulet of inaccuracy]

   It reduces the accuracy of all your attacks.
   It affects your evasion (+5).
   It insulates you from electricity.
   It lets you fly.
   It protects you from missiles.
Wands
 t - a wand of digging (1)
   (You found it on level 6 of the Dungeon)
 w - a wand of enslavement (1)
   (You found it on level 8 of the Dungeon)
 E - a wand of polymorph (8)
   (You found it on level 8 of the Dungeon)
Scrolls
 a - 3 scrolls of enchant weapon
 b - 3 scrolls of magic mapping {unknown}
 c - 7 scrolls of remove curse
 d - 4 scrolls of enchant armour {unknown}
 g - 2 scrolls of identify
 l - a scroll of blinking {!r}
 n - 4 scrolls of teleportation
 p - 2 scrolls of fear
 r - a scroll of noise {unknown}
 z - 2 scrolls of immolation {!r}
 A - a scroll of summoning
Potions
 h - a potion of invisibility
 i - a potion of might
 j - a potion of resistance
 o - 8 potions of curing
 q - 2 potions of lignification {!q}
 C - a potion of flight


   Skills:
 - Level 2.1 Fighting
 - Level 2.6 Armour
 - Level 3.6 Dodging
 - Level 2.4 Stealth
 - Level 11.0 Spellcasting
 - Level 3.0 Conjurations
 - Level 0.8 Transmutations
 + Level 13.9 Earth Magic
 - Level 9.0 Invocations
 - Level 2.0 Evocations


You had 17 spell levels left.
You knew the following spells:

 Your Spells              Type           Power        Failure   Level
a - Sandblast             Erth           ######       1%          1
c - Petrify               Tmut/Erth      #####...     7%          4
w - Passwall              Tmut/Erth      #####...     1%          2
x - Stone Arrow           Conj/Erth      ######       1%          3
z - Lee's Rapid Deconstr  Erth           ######....   1%          5

Your spell library contained the following spells:

 Spells                   Type           Power        Failure   Level


Dungeon Overview and Level Annotations

Branches:
Dungeon (11/15)            Temple (1/1) D:7            Lair (0/6) D:9
    Orc (0/2) D:9

Altars:
Ashenzari
Cheibriados
Dithmenos
Elyvilon
Makhleb
Nemelex Xobeh
Ru
Trog
Uskayaw
Vehumet
Wu Jian
Yredelemnul
Zin
The Shining One

Annotations:
D:11 Erolcha


Innate Abilities, Weirdness & Mutations

You are resistant to damage.
You can heal yourself by infusing magical energy.
You passively map the area around you.
You do not regenerate.


Message History

The zap hits the orc warrior but does no damage.
The orc warrior is almost dead.
The orc warrior misses you.
You take 1 damage, and have 49/86 hp.
Press: ? - help, Shift-Dir - straight line, f/p - orc warrior
Aim: an orc warrior, wielding a +0 hand axe and wearing a +0 chain mail (almost dead)
The puff of flame hits the orc warrior!
You kill the orc warrior!
Makhleb accepts your kill.
You feel better.
You regained 7 hp, and now have 56/86 hp.
Things that are here:
a +0 hand axe; a +0 chain mail
Okay, then.
Okay, then.
An orc knight comes into view. It is wielding a +1 vorpal great sword.
This spell is dangerous to cast!
Memorise Petrify, consuming 4 spell levels and leaving 17?
Okay, then.
This spell is dangerous to cast!
Memorise Petrify, consuming 4 spell levels and leaving 17?
You start memorising the spell.
You continue memorising. x4
You finish memorising.
Spell assigned to 'c'.
Press: ? - help, Shift-Dir - straight line, f - orc knight
Aim: an orc knight, wielding a +1 vorpal great sword and wearing a +0 plate armour (asleep)
The orc knight shouts!
The orc knight writhes in agony.
You hear a screech!
You take 1 damage, and have 55/86 hp.
Something hits you!
Deactivating autopickup; reactivate with Ctrl-A.
You take 6 damage, and have 49/86 hp.
Something hits you but does no damage.
Press: ? - help, Shift-Dir - straight line, f/p - orc knight
Aim: an orc knight, wielding a +1 vorpal great sword and wearing a +0 plate armour The stone arrow hits the orc knight but does no damage.
Something completely misses you. Something hits you.
You block something's attack.
You take 1 damage, and have 48/86 hp.
Something hits you but does no damage.
Press: ? - help, Shift-Dir - straight line, f/p - orc knight
Aim: an orc knight, wielding a +1 vorpal great sword and wearing a +0 plate armour The zap hits something.
The zap hits the orc knight but does no damage.
Something hits you. Something hits you but does no damage.
You take 1 damage, and have 47/86 hp.
Press: ? - help, Shift-Dir - straight line, f/p - orc knight
Aim: an orc knight, wielding a +1 vorpal great sword and wearing a +0 plate armour Something writhes in agony.
Something hits you. Something hits you but does no damage.
You take 1 damage, and have 46/86 hp.
Casting: Sandblast (safe; 1% risk of failure)
Confirm with . or Enter, or press ? or * to list all spells.
Aiming: Lee's Rapid Deconstruction (dangerous; 1% risk of failure)
Press: ? - help, Dir - move target cursor, p - orc knight A rock wall.
The wall shatters!
The blast of rock fragments hits the orc knight but does no damage.
The blast of rock fragments hits something!
You hear a bark!
You hear a shout!
Something hits you. Something hits you! Something hits you but does no damage.
You take 12 damage, and have 34/86 hp.
You now have 9/26 mp.
Casting: Lee's Rapid Deconstruction (dangerous; 1% risk of failure)
Confirm with . or Enter, or press ? or * to list all spells.
Aiming: Lee's Rapid Deconstruction (dangerous; 1% risk of failure)
Press: ? - help, Dir - move target cursor A rock wall.
The wall shatters!
The blast of rock fragments hits the orc knight!
The orc knight is lightly wounded.
The blast of rock fragments hits something!!
You hear a screech!
Something hits you but does no damage. x2
You now have 4/26 mp.
Evoke which item? (* to show all) (? for menu, Esc to quit)
Aiming: Enslavement
Press: ? - help, Shift-Dir - straight line, f - orc knight
Aim: an orc knight, wielding a +1 vorpal great sword and wearing a +0 plate armour (lightly wounded, chance to defeat MR: 34%)
You detect the charmed unseen horror.
Reactivating autopickup.
The orc knight hits your unseen horror with a +1 vorpal great sword!!
Your unseen horror dies!
Evoke which item? (* to show all) (? for menu, Esc to quit)
Okay, then.
Okay, then.
There is a stone staircase leading up, spattered with blood here.
You climb upwards.
There is a stone staircase leading down here.
There is an escape hatch in the floor here.
You open the door.
There is an open door here.
You open the door.
There is an open door here.
There is a stone staircase leading up here.
You climb upwards.
The death yak closely misses you. The death yak gores you!
* * * LOW HITPOINT WARNING * * *
The death yak gores you!
* * * LOW HITPOINT WARNING * * *
The death yak gores you!!
You die...

...*......#..#......#....# ...
......#..#......#....#
####......#..#......#....# #
+.........#..#......#....# #
#..########..#......#....# #
+..'.........#......#....###### #
#..#.........#.#'####.........# #
####.........#.#YY............###
.............#.#@...#.#..........
#............#.#YY...............
#............###..!..............
#.......[..........#....#...#....
#...................#...#.>.#....
#.....####.....!.................
#.....#..#......Y..#)......#..##.
..##'##..#.........#.............
..#......#.........#.............


You could see 3 death yaks and 2 yaks.

Vanquished Creatures
  2 two-headed ogres
  An unseen horror (D:11)
  A gargoyle (D:10)
  A troll (D:10)
  A hornet (D:11)
  2 hippogriffs
  A wyvern (D:10)
  4 yaks
  A basilisk (D:11)
  A steam dragon (D:10)
  Menkaure (D:7)
  A warg (D:9)
  4 ice beasts
  4 orc warriors
  3 sky beasts
  A black bear (D:6)
  A phantom (D:9)
  8 ogres
  5 centaurs
  2 crocodiles
  7 bullfrogs
  2 scorpions
  6 killer bees (D:10)
  7 wights
  An electric eel (D:7)
  4 howler monkeys
  A jelly (D:5)
  3 hounds
  10 orc priests
  14 orc wizards
  Crazy Yiuf (D:3)
  6 iguanas
  8 worker ants
  A killer bee zombie (D:7)
  A hound skeleton (D:4)
  A hound zombie (D:5)
  2 worker ant zombies
  A howler monkey skeleton (D:5)
  8 adders
  2 shadow imps
  2 white imps
  3 ufetubi
  An ooze (D:2)
  4 worms
  2 dart slugs (D:2)
  6 leopard geckos
  57 orcs
  8 giant cockroaches
  5 goblins
  10 hobgoblins
  13 jackals
  3 quokkas
  3 ball pythons
  8 bats
  6 frilled lizards
  9 kobolds
  2 leopard gecko skeletons
  7 rats
280 creatures vanquished.

Vanquished Creatures (collateral kills)
  2 hippogriffs (D:11)
  A wight (D:11)
  A bullfrog zombie (D:9)
  A hound (D:8)
  An orc (D:9)
6 creatures vanquished.

Vanquished Creatures (others)
  An unseen horror (D:11)
  A troll (D:11)
  A hippogriff (D:10)
  A yak (D:9)
  A steam dragon (D:11)
  An orc (D:9)
6 creatures vanquished.

Grand Total: 292 creatures vanquished

Notes
Turn   | Place    | Note
-------+----------+-------------------------------------------
     0 | D:1      | Irenicus the Deep Dwarf Earth Elementalist began the quest
                  | for the Orb.
     0 | D:1      | Reached XP level 1. HP: 15/15 MP: 3/3
    18 | D:1      | Reached skill level 2 in Spellcasting
    28 | D:1      | Irenicus: ?? spellcasting
    28 | D:1      | beem: spellcasting[1/1]: Gives you an extra spell slot for
                  | every half of a level in spellcasting. Raising your
                  | spellcasting also gives you more MP, lowers {spell hunger},
                  | and slightly boosts {spell success} and {spell power} for
                  | all spells.
   107 | D:1      | Reached XP level 2. HP: 20/22 MP: 0/5
   151 | D:1      | Found a broken altar of Ashenzari.
   292 | D:1      | Reached skill level 5 in Earth Magic
   428 | D:1      | Reached XP level 3. HP: 18/28 MP: 2/6
   544 | D:1      | Learned a level 2 spell: Passwall
   788 | D:2      | Reached skill level 6 in Earth Magic
   950 | D:2      | Reached XP level 4. HP: 21/36 MP: 2/7
  1313 | D:2      | Reached skill level 7 in Earth Magic
  1544 | D:3      | Reached XP level 5. HP: 22/42 MP: 4/8
  1667 | D:3      | Reached skill level 8 in Earth Magic
  1851 | D:3      | Found a runed translucent door.
  1852 | D:3      | Noticed Crazy Yiuf
  1858 | D:3      | Killed Crazy Yiuf
  1914 | D:4      | Reached XP level 6. HP: 22/49 MP: 5/9
  1931 | D:4      | Learned a level 3 spell: Stone Arrow
  1944 | D:4      | Reached skill level 9 in Earth Magic
  2015 | D:4      | Noticed an ice beast
  2024 | D:4      | Killed an ice beast
  2149 | D:4      | Reached skill level 10 in Earth Magic
  2370 | D:4      | Reached XP level 7. HP: 18/55 MP: 1/10
  2417 | D:5      | Entered Level 5 of the Dungeon
  2439 | D:4      | Reached skill level 10 in Spellcasting
  2439 | D:4      | Reached XP level 8. HP: 21/62 MP: 4/22
  2486 | D:5      | Reached skill level 1 in Evocations
  2686 | D:5      | Reached skill level 2 in Evocations
  3099 | D:6      | Reached skill level 1 in Conjurations
  3140 | D:6      | HP: 14/62 [orc/boomerang (2)]
  3189 | D:6      | Learned a level 5 spell: Lee's Rapid Deconstruction
  3193 | D:6      | Reached skill level 11 in Earth Magic
  3254 | D:6      | HP: 12/62 [worker ant (2)]
  3264 | D:6      | Reached skill level 2 in Conjurations
  3271 | D:6      | Gained mutation: You passively map the area around you.
                  | [Deep Dwarf growth]
  3271 | D:6      | Reached XP level 9. HP: 37/68 MP: 0/23
  3451 | D:7      | Found a staircase to the Ecumenical Temple.
  3467 | Temple   | Entered the Ecumenical Temple
  3506 | Temple   | Became a worshipper of Makhleb the Destroyer
  3635 | D:7      | Reached skill level 3 in Conjurations
  3653 | D:7      | Noticed Menkaure
  3664 | D:7      | Killed Menkaure
  3737 | D:7      | Reached skill level 12 in Earth Magic
  3938 | D:7      | Reached * piety under Makhleb
  4113 | D:8      | Reached skill level 11 in Spellcasting
  4229 | D:8      | HP: 14/68 [ogre/+0 giant club (8)]
  4541 | D:8      | HP: 8/68 [bullfrog (6)]
  4579 | D:8      | Reached skill level 1 in Fighting
  4579 | D:8      | Reached skill level 1 in Armour
  4579 | D:8      | Reached XP level 10. HP: 36/78 MP: 10/25
  4752 | D:9      | Found a staircase to the Lair.
  4754 | D:9      | Noticed a death yak
  4754 | D:9      | Noticed a death yak
  4761 | D:9      | Noticed a death yak
  4763 | D:9      | Reached skill level 3 in Dodging
  4866 | D:9      | Noticed a two-headed ogre
  4886 | D:9      | Killed a two-headed ogre
  4886 | D:9      | Reached skill level 2 in Fighting
  4886 | D:9      | Reached skill level 2 in Armour
  4893 | D:9      | Reached ** piety under Makhleb
  4957 | D:9      | Reached skill level 1 in Invocations
  5023 | D:9      | Found a staircase to the Orcish Mines.
  5175 | D:9      | Reached skill level 2 in Invocations
  5195 | D:9      | Noticed a +0 dagger
  5195 | D:9      | Noticed a +0 hand axe
  5198 | D:9      | Found a hide-covered altar of Uskayaw.
  5287 | D:10     | Entered Level 10 of the Dungeon
  5304 | D:10     | Reached skill level 3 in Invocations
  5345 | D:10     | Noticed a gargoyle
  5362 | D:10     | Reached skill level 4 in Invocations
  5371 | D:10     | HP: 5/80 [gargoyle/stone arrow (27)]
  5386 | D:10     | Killed a gargoyle
  5386 | D:10     | Reached skill level 5 in Invocations
  5525 | D:10     | Reached skill level 6 in Invocations
  5822 | D:11     | Reached skill level 7 in Invocations
  5836 | D:11     | Noticed a two-headed ogre
  5868 | D:11     | Found the amulet of the Air {Inacc +Fly rElec EV+5 RMsl}
  5870 | D:11     | Reached *** piety under Makhleb
  5956 | D:11     | Reached XP level 11. HP: 65/86 MP: 7/26
  5996 | D:11     | Noticed a stone giant
  5997 | D:11     | Noticed an ettin
  6001 | D:11     | Noticed an ettin
  6005 | D:11     | Reached skill level 8 in Invocations
  6013 | D:11     | Noticed a stone giant
  6014 | D:11     | Noticed a hell knight
  6035 | D:11     | Killed a two-headed ogre
  6035 | D:11     | Reached skill level 9 in Invocations
  6072 | D:11     | HP: 21/86 [wight/+3 war axe (4)]
  6073 | D:11     | Reached skill level 13 in Earth Magic
  6077 | D:11     | Killed an unseen horror
  6126 | D:11     | Noticed Erolcha
  6223 | D:11     | Noticed an orc knight
  6240 | D:11     | Learned a level 4 spell: Petrify
  6331 | D:9      | HP: 6/86 [death yak (16)]
  6331 | D:9      | Mangled by a death yak

Illustrated notes

Levels and vault maps discovered:
D:1:      sevenhm_arrival_forest_fort_small_6, layout_rooms, chequers_garden,
          grunt_decor_fettered, evilmike_ruin_ashenzari
D:2:      layout_loops_corners, minmay_tetromino_t2
D:3:      layout_loops_ring, uniq_crazy_yiuf_cottage
D:4:      layout_basic, hangedman_decor_growths
D:5:      layout_layer_cave
D:6:      layout_rooms, supply_closet_lemuel
D:7:      layout_loops_ring, minmay_temple_entry_mini_moons, kennysheep_potato,
          uniq_menkaure
D:8:      layout_basic, minmay_strange_pillars, uniq_maurice
D:9:      layout_irregular_city, dancing_weapons_uskayaw, dpeg_lair_monsters,
          david_orc_3
D:10:     layout_loops_corners
D:11:     minmay_tile_spiral, layout_cross, uniq_erolcha
Temple:   kilobyte_greek_temple

Skill      XL: |  1  2  3  4  5  6  7  8  9 10 11 |
---------------+----------------------------------+-----
Spellcasting   | 2 10 11 | 11.0
Earth Magic    | 5 6 7 8 10 11 12 13 | 13.9
Evocations     | 2 |  2.0
Conjurations   | 2 3 |  3.0
Fighting       | 1 2 |  2.1
Armour         | 1 2 |  2.6
Dodging        | 3 |  3.6
Invocations    | 7 9 |  9.0
Stealth        | |  2.4
Transmutations | |  0.8

Action                   |  1- 3 |  4- 6 |  7- 9 | 10-12 || total
-------------------------+-------+-------+-------+-------++-------
Melee: Dagger            |    60 |    65 |       |       ||   125
       Short sword       |     2 |    41 |    29 |     3 ||    75
       Staff             |       |       |     7 |    24 ||    31
 Cast: Sandblast         |    55 |    73 |    88 |    60 ||   276
       Passwall          |     2 |     4 |    24 |     4 ||    34
       Stone Arrow       |       |     5 |    63 |    82 ||   150
       Lee's Rapid Decon |       |       |     5 |     5 ||    10
Invok: Minor Destruction |       |       |       |    43 ||    43
Evoke: Wand              |       |       |     3 |    15 ||    18
  Use: Potion            |       |     5 |     3 |     2 ||    10
       Scroll            |       |     3 |    11 |     6 ||    20
 Stab: Sleeping          |       |     1 |     3 |       ||     4
       Paralysed         |       |       |     4 |     7 ||    11
       Petrified         |       |       |       |     2 ||     2
Armor: Robe              |    11 |       |       |       ||    11
       Ring mail         |    30 |    33 |    35 |    45 ||   143
Dodge: Dodged            |    55 |    85 |    54 |    53 ||   247
Block: Other             |       |       |       |    22 ||    22
       Reflection        |       |       |       |     3 ||     3

Table legend: (Time is in decaauts)
 A = Elapsed time spent in this place.
 B = Non-inter-level travel time spent in this place.
 C = Inter-level travel time spent in this place.
 D = Time resting spent in this place.
 E = Time spent auto-exploring this place.
 F = Levels seen in this place.
 G = Mean time per level.
                   A        B        C        D        E       F      G
               +--------+--------+--------+--------+--------+-----+--------+
         Total |   6339 |   6295 |     44 |      0 |      0 |  12 |  528.2 |
       Dungeon |   6275 |   6231 |     44 |      0 |      0 |  11 |  570.5 |
        Temple |     64 |     64 |      0 |      0 |      0 |   1 |   64.0 |
               +--------+--------+--------+--------+--------+-----+--------+

Top non-repeatable levels by time:
     D:1: 692 daAuts
    D:10: 663 daAuts
     D:2: 648 daAuts
     D:7: 616 daAuts
     D:8: 597 daAuts
     D:5: 594 daAuts
     D:9: 586 daAuts
     D:4: 569 daAuts
     D:3: 566 daAuts
    D:11: 385 daAuts
     D:6: 356 daAuts
  Temple: 64 daAuts

Table legend:
 A = Kills in this place as a percentage of kills in entire the game.
 B = Kills by you in this place as a percentage of kills by you in the entire game.
 C = Kills by friends in this place as a percentage of kills by friends in the entire game.
 D = Other kills in this place as a percentage of other kills in the entire game.
 E = Experience gained in this place as a percentage of experience gained in the entire game.
 F = Experience gained in this place divided by the number of levels of this place that you have seen.
                   A       B       C       D       E      F
               +-------+-------+-------+-------+-------+----------------------
         Total | 100.0 | 100.0 | 100.0 | 100.0 | 100.0 | 1187.3
       Dungeon | 100.0 | 100.0 | 100.0 | 100.0 | 100.0 | 1295.3
               +-------+-------+-------+-------+-------+----------------------
